 Dungeon Crawl Stone Soup version 0.29.1-12-g30fa7ad0bf (webtiles) character file.

Game seed: 10181595726399358586

2264 funkygono the Magician (level 9, -7/59 HPs)
             Began as a Demonspawn Fire Elementalist on Jan 2, 2023.
             Was an Initiate of Vehumet.
             Mangled by diceflayer's ghost (9 damage)
             ... on level 6 of the Dungeon.
             The game lasted 00:11:40 (7562 turns).

funkygono the Magician (DsFE)                       Turns: 7562, Time: 00:11:41

Health: -7/59      AC:  7    Str: 10    XL:     9   Next: 16%
Magic:  14/20      EV: 12    Int: 20    God:    Vehumet [......]
Gold:   341        SH:  0    Dex: 13    Spells: 12/22 levels left

rFire   . . .      SeeInvis .   k - +4 mace (vorpal)
rCold   . . .      Faith    .   (no shield)
rNeg    . . .      Spirit   .   a - +0 robe
rPois   .          Reflect  .   l - +1 helmet
rElec   .          Harm     .   y - +0 cloak
rCorr   +          Rampage  .   (no gloves)
Will    +....                   (no boots)
Stlth   ++........              (no amulet)
HPRegen 4.19/turn               i - ring of resist corrosion
MPRegen 0.17/turn               d - ring of willpower

@: lethally poisoned (-7 -> -15), weakened
A: thin metallic scales 1, ignite blood 1, powered by death 3, weakness stinger
1
a: Renounce Religion


You were on level 6 of the Dungeon.
You worshipped Vehumet.
Vehumet was noncommittal.
You visited 2 branches of the dungeon, and saw 7 of its levels.
You also visited: Ossuary.

You collected 341 gold pieces.

Inventory:

Hand Weapons
 g - a +2 dagger of venom
 h - a +0 whip of protection
 k - a +4 vorpal mace (weapon)
 x - a +4 quarterstaff of chaos
 F - a +3 dire flail of protection
Armour
 a - a +0 robe (worn)
 l - a +1 helmet (worn)
 y - a +0 cloak (worn)
Magical Staves
 s - a staff of death
Jewellery
 d - a ring of willpower (right hand)
 i - a ring of resist corrosion (left hand)
 m - an amulet of guardian spirit
Wands
 j - a wand of flame (33)
 u - a wand of quicksilver (5)
Scrolls
 c - 3 scrolls of identify
 p - a scroll of immolation
 w - 3 scrolls of amnesia
 z - a scroll of blinking
 A - 4 scrolls of teleportation
Potions
 b - a potion of magic
 e - 2 potions of haste
 n - 2 potions of might
 o - 3 potions of ambrosia
 q - 3 potions of flight
 r - 6 potions of curing
 t - a potion of berserk rage
 v - a potion of resistance
 B - a potion of attraction


   Skills:
 + Level 1.0 Fighting
 + Level 0.2 Short Blades
 + Level 1.9 Maces & Flails
 + Level 2.4 Dodging
 - Level 1.7 Stealth
 + Level 7.3 Spellcasting
 + Level 5.4 Conjurations
 + Level 6.9 Fire Magic


You had 12 spell levels left.
You knew the following spells:

 Your Spells              Type           Power      Damage    Failure   Level
a - Foxfire               Conj/Fire      100%       2x1d9     1%          1
b - Scorch                Fire           70%        2d9       1%          2
c - Conjure Flame         Conj/Fire      32%        6-21      2%          3
d - Flame Wave            Conj/Fire      32%        2d9       7%          4

Your spell library contained the following spells:

 Spells                   Type           Power      Damage    Failure   Level
 Inner Flame              Hex/Fire       21%        N/A       7%          3
 Beastly Appendage        Tmut           14%        N/A       9%          1
 Blink                    Tloc           14%        N/A       14%         2
 Wereblood                Tmut           7%         N/A       14%         2
 Lesser Beckoning         Tloc           7%         N/A       26%         3
 Spider Form              Tmut/Pois      7%         N/A       26%         3
 Summon Guardian Golem    Hex/Summ       7%         N/A       26%         3
 Manifold Assault         Tloc           7%         N/A       94%         5
 Dispersal                Tloc           3%         N/A       100%        6
 Orb of Destruction       Conj           14%        9d7       100%        7
 Spellforged Servitor     Conj/Summ      9%         N/A       100%        7
 Disjunction              Tloc           3%         N/A       100%        8


Dungeon Overview and Level Annotations

Branches:
Dungeon (6/15)             Temple (1/1) D:6         Ossuary (visited)

Altars:
Ashenzari
Cheibriados
Gozag
Hepliaklqana
Kikubaaqudgha
Nemelex Xobeh
Okawaru
Qazlal
Ru
Sif Muna
Trog
Vehumet
Wu Jian
Xom
Yredelemnul

Annotations:
D:6 1 transporter, diceflayer's ghost, novice DsHu


Innate Abilities, Weirdness & Mutations

You are partially covered in thin metallic scales. (AC +2)
Your demonic aura sometimes causes spilled blood to erupt in flames.
You regenerate a lot of health from kills.
You have a small tail.


Message History

Press: ? - help, Dir - look around, f - activate A wave of flame ripples out!
The flame wave engulfs diceflayer's ghost.
Diceflayer's ghost resists.
Diceflayer's ghost is moderately damaged. (Press . to intensify the flame waves.)
You feel very sick. Diceflayer's ghost hits you.
The gnoll sergeant hits you from afar with a +0 trident.
* * * LOW HITPOINT WARNING * * *
The gnoll hits you but does no damage.
A wave of flame ripples out!
The flame wave engulfs diceflayer's ghost.
Diceflayer's ghost resists.
Diceflayer's ghost is moderately damaged.
The flame wave engulfs the gnoll!
You kill the gnoll!
Vehumet accepts your kill.
The flame wave engulfs the gnoll!
You kill the gnoll!
Vehumet accepts your kill.
The flame wave engulfs the gnoll sergeant but does no damage.
You feel sick.
The gnoll bouda gazes fiercely through you!
You feel your attacks grow feeble.
The gnoll sergeant hits you from afar with a +0 trident.
* * * LOW HITPOINT WARNING * * *
Diceflayer's ghost hits you!
* * * LOW HITPOINT WARNING * * *
You are more poisoned.
You feel much better.
You feel very sick.
The gnoll bouda barks out a call to the hunt!
The gnoll sergeants pick up the pace!
The gnoll sergeant hits you from afar with a +0 trident!
The gnoll sergeant hits you from afar with the +7 trident "Tilus" {venom, Int+5 Dex-5}!
* * * LOW HITPOINT WARNING * * *
You are lethally poisoned!
Diceflayer's ghost hits you!
You die...

.#......≈≈..#.#...#.#..≈≈.#......
'#......≈≈.##.#...#.##.≈≈.#######
.#......≈≈.#©.#(:,#..#.≈≈.#
##......≈≈.##.#####.##.≈≈.#
###.....≈≈..#.#8⌠8#.#.....#
O####.#.~~.©#.'.©g'g#©....# #Z#
#.#.≈≈..#.#)gg#.#.....# ## §##
#.#.≈≈.##.##W##.##(≈≈.# ##. ##
#.#.≈≈.#..#.@.#..#.≈≈.# #.. #
#.#.≈≈.##.'.☼.'.##.≈≈.# ##.#
#.#.≈≈..#.#...#.#..≈≈.# #..#
#.#.≈≈###.##'##.###≈≈.####.##
#...≈≈#.......g...#≈≈.#....#
###.≈≈##.###.###.##≈≈.#.####
#.≈≈#..#8###8#..#≈≈...#
#.≈≈####.....####≈≈..##
#.≈≈≈≈≈≈≈≈~≈≈≈≈≈≈≈≈..#


You could see 2 gnoll sergeants, a gnoll bouda and diceflayer's ghost.

Vanquished Creatures
  Grinder (D:6)
  Prince Ribbit (D:6)
  Sigmund (D:2)
  Eustachio (D:6)
  Edmund (D:6)
  Menkaure (D:6)
  4 ogres
  A phantom (D:6)
  An elf zombie (Ossuary)
  A bullfrog (D:6)
  A necrophage (D:4)
  2 scorpions
  2 hounds
  5 jellies
  Crazy Yiuf (D:4)
  2 iguanas (D:4)
  3 orc wizards (D:5)
  3 mummies (Ossuary)
  Robin (D:2)
  3 gnolls (D:6)
  6 adders
  A white imp (D:6)
  An ufetubus (D:5)
  3 worms (D:2)
  5 dart slugs
  11 orcs
  4 endoplasms
  4 giant cockroaches
  15 goblins
  8 hobgoblins
  4 jackals (D:2)
  6 quokkas
  9 ball pythons
  3 bats (D:3)
  3 frilled lizards (D:1)
  4 goblin zombies (Ossuary)
  6 hobgoblin zombies (Ossuary)
  9 kobolds
  A kobold zombie (Ossuary)
  2 quokka zombies (Ossuary)
  4 rats
  4 rat zombies (Ossuary)
149 creatures vanquished.

Vanquished Creatures (collateral kills)
  A foxfire (D:6)
1 creature vanquished.

Vanquished Creatures (others)
  481 foxfires
  5 fungi (D:2)
  13 plants
499 creatures vanquished.

Grand Total: 649 creatures vanquished

Notes
Turn   | Place    | Note
-------+----------+-------------------------------------------
     0 | D:1      | funkygono the Demonspawn Fire Elementalist began the quest
                  | for the Orb.
     0 | D:1      | Reached XP level 1. HP: 13/13 MP: 3/3
   313 | D:1      | Gained mutation: You regenerate a little health from kills.
                  | [demonic ancestry]
   313 | D:1      | Reached XP level 2. HP: 19/19 MP: 1/5
   476 | D:1      | Learned a level 2 spell: Scorch
  1113 | D:2      | Noticed Sigmund
  1288 | D:2      | Killed Sigmund
  1289 | D:2      | Reached skill level 3 in Spellcasting
  1289 | D:2      | Reached XP level 3. HP: 24/24 MP: 0/8
  1289 | D:2      | Gained mutation: Your demonic aura sometimes causes spilled
                  | blood to erupt in flames. [demonic ancestry]
  1289 | D:2      | Reached XP level 4. HP: 30/30 MP: 0/9
  1289 | D:2      | Gained mutation: You regenerate health from kills. [demonic
                  | ancestry]
  1289 | D:2      | Reached XP level 5. HP: 35/35 MP: 0/10
  1316 | D:2      | Learned a level 3 spell: Conjure Flame
  1321 | D:2      | Learned a level 4 spell: Flame Wave
  1508 | D:2      | Noticed Robin
  1517 | D:2      | Killed Robin
  1854 | D:2      | Noticed an ogre
  1859 | D:2      | Killed an ogre
  1860 | D:2      | Reached skill level 4 in Spellcasting
  1860 | D:2      | Reached XP level 6. HP: 41/41 MP: 4/12
  2337 | D:2      | Found a faded altar of an unknown god.
  3573 | D:4      | Found an ancient bone altar of Kikubaaqudgha.
  3575 | D:4      | Found an iron altar of Okawaru.
  3800 | D:4      | Gained mutation: You regenerate a lot of health from kills.
                  | [demonic ancestry]
  3800 | D:4      | Reached XP level 7. HP: 26/46 MP: 4/14
  4031 | D:4      | Found a runed translucent door.
  4032 | D:4      | Noticed Crazy Yiuf
  4077 | D:4      | Reached skill level 5 in Fire Magic
  4639 | D:4      | Killed Crazy Yiuf
  4640 | D:4      | Reached skill level 5 in Spellcasting
  4703 | D:5      | Entered Level 5 of the Dungeon
  5651 | D:6      | Reached skill level 1 in Maces & Flails
  5651 | D:6      | Gained mutation: You are partially covered in thin metallic
                  | scales. (AC +2) [demonic ancestry]
  5651 | D:6      | Reached XP level 8. HP: 52/52 MP: 11/16
  5657 | D:6      | Noticed Prince Ribbit
  5662 | D:6      | Killed Prince Ribbit
  5663 | D:6      | Reached skill level 6 in Spellcasting
  5718 | D:6      | Noticed Grinder
  5736 | D:6      | Killed Grinder
  5799 | D:6      | Found a sand-covered staircase.
  5808 | D:6      | Reached skill level 5 in Conjurations
  5814 | Ossuary  | Entered an ossuary
  6416 | D:6      | Noticed Eustachio
  6426 | D:6      | Killed Eustachio
  6427 | D:6      | Reached skill level 7 in Spellcasting
  6586 | D:6      | Found a staircase to the Ecumenical Temple.
  6674 | Temple   | Entered the Ecumenical Temple
  6738 | Temple   | Became a worshipper of Vehumet
  6863 | D:6      | Found an ornate altar of the Wu Jian Council.
  6896 | D:6      | Gained mutation: You have a small tail. [demonic ancestry]
  6896 | D:6      | Reached XP level 9. HP: 58/58 MP: 13/19
  6962 | D:6      | Found a transporter.
  6999 | D:6      | Found a shimmering altar of Xom.
  7000 | D:6      | Found a hazy altar of Hepliaklqana.
  7001 | D:6      | Noticed a spectral ugly thing
  7048 | D:6      | Noticed Edmund
  7056 | D:6      | Killed Edmund
  7271 | D:6      | Identified the +7 trident "Tilus" {venom, Int+5 Dex-5}
  7271 | D:6      | Noticed Menkaure
  7276 | D:6      | Noticed diceflayer's ghost (novice DsHu)
  7277 | D:6      | Killed Menkaure
  7278 | D:6      | Reached skill level 1 in Fighting
  7498 | D:6      | Found a transporter.
  7561 | D:6      | HP: 2/59 [diceflayer's ghost (10)]
  7562 | D:6      | Mangled by diceflayer's ghost

Illustrated notes

Levels and vault maps discovered:
D:1:      minmay_arrival_cross, layout_loops_ring
D:2:      layout_rooms, shapermc_ecumenical_altar_mp_urbaneastern, uniq_robin,
          uniq_sigmund
D:3:      layout_loops_ring
D:4:      layout_basic, grunt_temple_overflow_open, hangedman_decor_growths,
          hangedman_abyss_or_decor_lesser_grid, uniq_crazy_yiuf_cottage
D:5:      layout_basic
D:6:      layout_basic, regret_index_temple_of_mockery, kennysheep_mini_moat,
          minmay_temple_entry_trees, gammafunk_ghost_gnarly_gnolls,
          nicolae_ossuary_entry_ruins, uniq_eustachio, uniq_prince_ribbit1,
          uniq_grinder, uniq_menkaure, uniq_edmund
Temple:   dshaligram_water_room_temple

Skill      XL: |  1  2  3  4  5  6  7  8  9 |
---------------+----------------------------+-----
Fire Magic     | 3 4 5 6 |  6.9
Dodging        | 2 |  2.4
Spellcasting   | 3 4 5 7 |  7.3
Conjurations   | 2 3 4 5 |  5.4
Maces & Flails | 1 |  1.9
Fighting       | 1 |  1.0
Short Blades   | |  0.2
Stealth        | |  1.7

Action                   |  1- 3 |  4- 6 |  7- 9 || total
-------------------------+-------+-------+-------++-------
Melee: Dagger            |     1 |       |       ||     1
       Unarmed           |     1 |       |       ||     1
       Whip              |     2 |     1 |       ||     3
       Mace              |       |     6 |    12 ||    18
 Cast: Foxfire           |    37 |   122 |   122 ||   281
       Scorch            |     3 |    12 |    31 ||    46
       Flame Wave        |       |       |     5 ||     5
  Use: Scroll            |       |    10 |    12 ||    22
       Potion            |       |       |     6 ||     6
Armor: Robe              |     6 |     3 |    13 ||    22
Dodge: Dodged            |    14 |    13 |    21 ||    48
